details: 'hu vs undead ownage'

« prev index next »

General information

Mini Map

Players

team 1
Random» HumanTIMG4STRok (pink | 150 APM | 3445 actions | 22:57)
Hero icon 5 Archmage
Ability icon 3 Summon Water Elemental
Ability icon 2 Brilliance Aura
Hero icon 4 Mountain King
Ability icon 2 Storm Bolt
Ability icon 2 Bash
Hero icon 3 Paladin
Ability icon 2 Holy Light
Ability icon 1 Divine Shield

» actions
Assign group hotkey37
Basic commands117
Build / train105
ESC pressed3
Enter build submenu41
Enter hero's abilities submenu12
Give item / drop item2
Right click1379
Select / deselect289
Select group hotkey1323
Use ability137
3445 total
» units
Peasant16
Footman6
Knight3
Flying Machine8
Gryphon Rider5
Mortar Team1
Siege Engine3
42 total
» upgrades
Defend1
Lumber Harvesting2
Flak Cannons1
Swords3
Masonry3
Animal War Training1
Storm Hammers1
Fragmentation Shards1
Gunpowder1
14 total
» buildings
Altar of Kings1
Barracks1
Farm11
Scout Tower19
Arcane Tower2
Keep1
Arcane Vault1
Lumber Mill1
Guard Tower9
Town Hall2
Blacksmith1
Castle1
Gryphon Aviary2
Workshop1
53 total
» build order
00:04 Altar of Kings
00:08 Barracks
00:17 Farm
00:55 Farm
01:32 Farm
01:44 Scout Tower
02:28 Arcane Tower
04:08 Keep
04:10 Arcane Vault
04:17 Farm
04:23 Lumber Mill
04:27 Scout Tower
04:32 Scout Tower
04:35 Scout Tower
05:28 Guard Tower
05:29 Farm
05:34 Farm
05:36 Scout Tower
06:19 Town Hall
06:29 Scout Tower
06:29 Scout Tower
06:34 Scout Tower
06:34 Scout Tower
06:37 Scout Tower
07:01 Guard Tower
08:06 Guard Tower
08:16 Guard Tower
09:26 Arcane Tower
09:32 Blacksmith
09:35 Castle
10:26 Gryphon Aviary
10:27 Gryphon Aviary
10:44 Farm
10:45 Farm
10:48 Workshop
11:18 Farm
11:23 Farm
12:47 Scout Tower
12:51 Scout Tower
12:52 Scout Tower
13:23 Guard Tower
13:42 Guard Tower
13:59 Guard Tower
15:18 Farm
16:10 Town Hall
16:14 Scout Tower
16:14 Scout Tower
16:15 Scout Tower
16:16 Scout Tower
16:17 Scout Tower
17:49 Guard Tower
19:53 Scout Tower
20:47 Guard Tower
» items
Scroll of Regeneration4
Staff of Sanctuary3
Orb of Fire2
Potion of Healing4
Boots of Speed1
Scroll of Healing1
Lesser Clarity Potion1
16 total
team 2
Random» UndeadMannarPolice (yellow | 78 APM | 1783 actions | 22:56)
Hero icon 5 Death Knight
Ability icon 2 Death Coil
Ability icon 2 Unholy Aura
Ability icon 1 Death Pact
Hero icon 3 Crypt Lord
Ability icon 2 Impale
Ability icon 1 Spiked Carapace
Hero icon 1 Lich
Ability icon 1 Frost Armor

» actions
Assign group hotkey37
Basic commands264
Build / train84
ESC pressed5
Enter build submenu22
Enter hero's abilities submenu10
Right click767
Select / deselect405
Select group hotkey95
Use ability91
1783 total
» units
Acolyte16
Ghoul15
Crypt Fiend7
Obsidian Statue4
Meatwagon1
Abomination2
45 total
» upgrades
Unholy Strength2
Unholy Armor2
Ghoul Frenzy1
Web1
Destroyer Form1
Disease Cloud2
Creature Carapace1
10 total
» buildings
Crypt1
Graveyard1
Ziggurat8
Altar of Darkness1
Tomb of Relics1
Spirit Tower4
Halls of the Dead1
Slaughterhouse2
Black Citadel1
Sacrificial Pit1
21 total
» build order
00:04 Crypt
00:06 Graveyard
00:38 Ziggurat
00:56 Altar of Darkness
01:48 Tomb of Relics
01:59 Ziggurat
03:19 Spirit Tower
04:46 Ziggurat
05:16 Halls of the Dead
06:20 Ziggurat
07:11 Spirit Tower
07:39 Slaughterhouse
08:01 Black Citadel
08:24 Sacrificial Pit
10:59 Slaughterhouse
11:07 Ziggurat
14:16 Ziggurat
16:19 Spirit Tower
20:06 Ziggurat
20:36 Ziggurat
» items
Rod of Necromancy1
Potion of Healing3
Scroll of Town Portal2
Scroll of Healing1
7 total